 Dungeon Crawl Stone Soup version 0.23-a0-644-gb60d84b (webtiles) character file.

5228 Azzok the Cleaver (level 10, 59/79 HPs)
             Began as a Deep Dwarf Fighter on Jan 1, 2019.
             Was a Believer of Makhleb.
             Quit the game on level 9 of the Dungeon.
             The game lasted 00:15:55 (7371 turns).

Azzok the Cleaver (Deep Dwarf Fighter)              Turns: 7371, Time: 00:15:56

Health: 59/79      AC: 21    Str: 31    XL:     10   Next: 35%
Magic:  4/4        EV:  6    Int:  9    God:    Makhleb [**....]
Gold:   623        SH: 10    Dex: 12    Spells: 9/9 levels left

rFire    . . .     SeeInvis .   a - +0 war axe
rCold    . . .     Gourm    .   c - +0 shield
rNeg     . . .     Faith    .   N - +0 plate armour
rPois    +         Spirit   .   (no helmet)
rElec    .         Reflect  .   g - scarf {repulsion}
rCorr    .         Harm     .   y - +0 pair of gloves
MR       +....                  i - +0 pair of boots
Stlth    ..........             (no amulet)
HPRegen  0.00/turn              u - +6 ring of strength
MPRegen  0.09/turn              O - ring of poison resistance

@: non-regenerating, studying Armour, repel missiles
A: damage resistance, heal wounds, iridescent scales 1, frail 1, sense
surroundings 2, strong 1, no regeneration
a: Heal Wounds, Minor Destruction, Renounce Religion


You were on level 9 of the Dungeon.
You worshipped Makhleb.
Makhleb was pleased with you.
You were not hungry.

You visited 2 branches of the dungeon, and saw 10 of its levels.
You also visited: Sewer.

You collected 623 gold pieces.

Inventory:

Hand Weapons
 a - a +0 war axe (weapon)
Missiles
 h - 9 javelins (quivered)
 E - 8 javelins of returning
 L - a throwing net
Armour
 c - a +0 shield (worn)
 g - a scarf of repulsion (worn)
 i - a +0 pair of boots (worn)
 y - a +0 pair of gloves (worn)
 N - a +0 plate armour (worn)
Jewellery
 u - a +6 ring of strength (left hand)
 x - the ring of the Mage {Wiz MR++ Int+3}
   (You took it off an orc on level 5 of the Dungeon)

   [ring of wizardry]

   It improves your spell success rate.
   It affects your intelligence (+3).
   It affects your resistance to hostile enchantments.
 C - a +4 ring of dexterity
 I - an uncursed ring of protection from cold
 J - an uncursed ring of protection from magic
 O - a ring of poison resistance (right hand)
Wands
 F - a wand of random effects (7)
Scrolls
 e - 3 scrolls of amnesia
 k - 3 scrolls of teleportation
 p - 6 scrolls of remove curse
 r - 4 scrolls of immolation
 s - a scroll of identify
 t - a scroll of enchant weapon {unknown}
 z - a scroll of fear {unknown}
 D - a scroll of enchant armour {unknown}
 H - a scroll of holy word {unknown}
 K - a scroll of acquirement {unknown}
 M - a scroll of magic mapping {unknown}
Potions
 d - a potion of might
 l - a potion of brilliance {unknown}
 m - a potion of lignification
 n - a potion of resistance {unknown}
 o - a potion of invisibility {unknown}
 w - a potion of haste {unknown}
 A - a potion of heal wounds
 B - a potion of ambrosia {unknown}
 G - a potion of degeneration {unknown}
Books
 v - a manual of Armour
Comestibles
 f - 26 rations
 q - 6 chunks of flesh


   Skills:
 - Level 5.0 Fighting
 + Level 13.0 Axes
 + Level 12.9 Armour
 - Level 3.2 Shields


You had 9 spell levels left.
You didn't know any spells.
Your spell library contained the following spells:

 Spells                   Type           Power        Failure   Level  Hunger
 Corona                   Hex            #......      100%        1    ##.....
 Sting                    Conj/Pois      #...         100%        1    ##.....
 Ensorcelled Hibernation  Hex/Ice        #.....       100%        2    ###....
 Poisonous Vapours        Pois/Air       #.....       100%        2    ###....
 Confuse                  Hex            #.......     100%        3    ####...
 Dazzling Spray           Conj/Hex       #.....       100%        3    ####...
 Mephitic Cloud           Conj/Pois/Air  #.......     100%        3    ####...
 Tukima's Dance           Hex            #.......     100%        3    ####...
 Olgreb's Toxic Radiance  Pois           #.......     100%        4    #####..
 Venom Bolt               Conj/Pois      #.........   100%        5    ######.


Dungeon Overview and Level Annotations

Branches:
Dungeon (9/15)             Temple (1/1) D:5
   Lair: D:8-11         Orc: D:9-12

Altars:
Ashenzari
Cheibriados
Dithmenos
Elyvilon
Fedhas
Gozag
Hepliaklqana
Kikubaaqudgha
Makhleb
Nemelex Xobeh
Okawaru
Qazlal
Ru
Sif Muna
Trog
Uskayaw
Vehumet
Wu Jian
Xom
Yredelemnul
Zin
The Shining One
Beogh

Shops:
D:5 =


Innate Abilities, Weirdness & Mutations

You are resistant to damage.
You can heal yourself by infusing magical energy.
You passively map the area around you.
You do not regenerate.
You are partially covered in iridescent scales. (AC +2)
You are frail. (-10% HP)
Your muscles are strong. (Str +2)


Message History

Really quaff
j - a potion of mutation {!q}?
You feel extremely strange. The horns on your head shrink away.
You feel clever.
Iridescent scales grow over part of your body.
You feel frail.
You feel stronger.
A worker ant comes into view.
The worker ant twitches its antennae in your direction.
The phantom barely misses you.
You closely miss the phantom. You block the phantom's attack.
You slice the phantom!!
The phantom is heavily damaged.
You block the phantom's attack.
You closely miss the phantom.
The phantom is heavily damaged.
You hit the worker ant but do no damage.
The worker ant bites you but does no damage.
The phantom blinks!
The worker ant bites you. The worker ant closely misses you.
Are you sure you want to abandon this character and quit the game? (Confirm

◦ ░ ◦ ◦ ░ ◦ ░◦◦ ◦
▒···▒ ◦░▒···▒ ◦ ◦░
◦ ░▒···▒ ▒ ◦ ░◦
░▒···▒ · ◦ ◦ ◦◦
◦▒··<▒ ···▒ ◦ ◦ ◦◦
╬·W·▒ ···▒ ▒· ▒···▒
···▒ ▒·· ░▒·@·▒
···▒▒▒▒╬▒▒···░▒··a▒
▒········▒···▒▒···▒
·········▒········▒
§········╬······[·▒
§········▒╬▒▒▒▒···▒
§▒'▒▒·······▒▒▒▒'▒▒
····▒·······▒·····▒
····▒·†·····'·····▒


You could see a phantom and a worker ant.

Vanquished Creatures
  Harold (D:7)
  Pikel (D:7)
  3 hornets (D:8)
  2 hippogriffs
  A wyvern (D:8)
  A water moccasin (D:8)
  An orc warrior (D:8)
  An ice beast (D:6)
  2 slaves (D:7)
  A sky beast (D:5)
  4 ogres
  2 centaurs
  A big kobold (D:7)
  4 bullfrogs
  5 scorpions
  2 water moccasin skeletons
  3 wights (D:8)
  A howler monkey (D:2)
  A crimson imp (D:9)
  Crazy Yiuf (D:7)
  2 hounds
  A jelly (D:7)
  5 orc priests
  A bullfrog skeleton (D:6)
  4 iguanas
  17 orc wizards
  2 worker ants
  A hound skeleton (D:5)
  A worker ant zombie (D:6)
  10 adders
  5 gnolls
  2 shadow imps (D:7)
  2 adder zombies
  6 worms
  3 dart slugs
  12 leopard geckos
  37 orcs
  2 ball pythons
  9 bats
  13 giant cockroaches
  3 goblins
  6 hobgoblins
  5 jackals
  5 quokkas
  6 frilled lizards
  A jackal skeleton (D:5)
  8 kobolds
  A leopard gecko zombie (D:7)
  A quokka skeleton (D:4)
  8 rats
217 creatures vanquished.

Vanquished Creatures (others)
  A plant (D:3)
1 creature vanquished.

Grand Total: 218 creatures vanquished

Notes
Turn   | Place    | Note
-------+----------+-------------------------------------------
     0 | D:1      | Azzok the Deep Dwarf Fighter began the quest for the Orb.
     0 | D:1      | Reached XP level 1. HP: 20/20 MP: 1/1
   192 | D:1      | Reached XP level 2. HP: 20/27 MP: 2/2
   294 | D:1      | Reached skill level 3 in Axes
   677 | D:2      | Noticed a howler monkey
   678 | D:2      | Reached XP level 3. HP: 24/34 MP: 3/3
   690 | D:2      | Reached skill level 4 in Axes
   695 | D:2      | Reached XP level 4. HP: 22/42 MP: 4/4
  1232 | D:3      | Found a roughly hewn altar of Beogh.
  1243 | D:3      | Reached skill level 5 in Axes
  1243 | D:3      | Reached XP level 5. HP: 18/50 MP: 5/5
  1624 | D:3      | Reached XP level 6. HP: 21/57 MP: 6/6
  1632 | D:3      | Reached skill level 6 in Axes
  2434 | D:4      | Found an iron altar of Okawaru.
  2630 | D:4      | Reached skill level 7 in Axes
  2630 | D:4      | Reached XP level 7. HP: 37/66 MP: 5/5
  3052 | D:5      | Entered Level 5 of the Dungeon
  3341 | D:5      | Found a staircase to the Ecumenical Temple.
  3355 | Temple   | Entered the Ecumenical Temple
  3665 | D:5      | Reached skill level 5 in Fighting
  3681 | D:5      | Found a glowing drain.
  3704 | Sewer    | Entered a sewer
  3836 | Sewer    | Reached skill level 5 in Armour
  3932 | Sewer    | Reached skill level 8 in Axes
  3978 | D:5      | Found Efaod's Jewellery Boutique.
  4264 | D:5      | Reached XP level 8. HP: 28/74 MP: 6/6
  4903 | D:6      | Found a sacrificial altar of Ru.
  4918 | D:6      | Reached skill level 9 in Axes
  5313 | D:7      | Found a basalt altar of Yredelemnul.
  5313 | D:7      | Found a burning altar of Makhleb.
  5318 | D:7      | Became a worshipper of Makhleb the Destroyer
  5475 | D:7      | Noticed a hippogriff
  5491 | D:7      | Killed a hippogriff
  5491 | D:7      | Reached skill level 10 in Axes
  5529 | D:7      | Found a runed door.
  5602 | D:7      | Noticed Pikel
  5616 | D:7      | Killed Pikel
  5616 | D:7      | Gained mutation: You passively map the area around you.
                  | [Deep Dwarf growth]
  5616 | D:7      | Reached XP level 9. HP: 36/81 MP: 6/6
  5742 | D:7      | Noticed Harold
  5748 | D:7      | Reached skill level 11 in Axes
  5764 | D:7      | Killed Harold
  5764 | D:7      | Reached skill level 10 in Armour
  5952 | D:7      | Reached * piety under Makhleb
  6025 | D:7      | Noticed Crazy Yiuf
  6030 | D:7      | Killed Crazy Yiuf
  6030 | D:7      | Reached skill level 12 in Axes
  6543 | D:8      | Reached XP level 10. HP: 16/88 MP: 5/5
  6772 | D:8      | Paralysed by a hornet for 1 turns
  6791 | D:8      | Gained mutation: You are dopey. (Int -2) [potion of
                  | mutation]
  6791 | D:8      | Gained mutation: You have a pair of small horns on your
                  | head. [potion of mutation]
  7174 | D:9      | Found a shadowy altar of Dithmenos.
  7193 | D:9      | Reached ** piety under Makhleb
  7308 | D:9      | Reached skill level 13 in Axes
  7363 | D:9      | Lost mutation: You have a pair of small horns on your head.
                  | [potion of mutation]
  7363 | D:9      | Lost mutation: You are dopey. (Int -2) [potion of mutation]
  7363 | D:9      | Gained mutation: You are partially covered in iridescent
                  | scales. (AC +2) [potion of mutation]
  7363 | D:9      | Gained mutation: You are frail. (-10% HP) [potion of
                  | mutation]
  7363 | D:9      | Gained mutation: Your muscles are strong. (Str +2) [potion
                  | of mutation]
  7371 | D:9      | Quit the game

Vault maps used:
D:1:      dpeg_arrival_round_c
D:3:      serial_bayou, serial_bayou_lake_a, serial_bayou_ford_a,
          serial_bayou_shore_b, serial_bayou_crossing, minmay_splitting_lines,
          kennysheep_orc_chapel
D:4:      okawaru_altar_gauntlet_db, first_ration, minmay_manual_mail
D:5:      minmay_temple_entry_sparse_star, serial_shops, shop,
          portal_sewer_entry_d, corexii_item_surrounded_by_moat, moated_statue
D:6:      lemuel_doored_altar, kennysheep_generic_room_14
D:7:      gammafunk_temple_overflow_statue, uniq_harold,
          uniq_crazy_yiuf_cottage, uniq_pikel
D:8:      hangedman_pestilent_swarm
D:9:      minmay_misc_feat_square, minmay_holes, grunt_dithmenos_smoke
Temple:   hc_temple_tempest_star
Sewer:    sewer_frog_island_01

Skill      XL: |  1  2  3  4  5  6  7  8  9 10 |
---------------+-------------------------------+-----
Axes           | 3 4 5 7 8 10 12 13 | 13.0
Fighting       | 3 4 5 |  5.0
Armour         | 5 9 11 12 | 12.9
Shields        | |  3.2

Action                   |  1- 3 |  4- 6 |  7- 9 | 10-12 || total
-------------------------+-------+-------+-------+-------++-------
Melee: War axe           |    85 |   268 |   349 |   106 ||   808
       Headbutt          |       |       |       |    10 ||    10
Throw: Javelin           |       |     1 |       |       ||     1
 Abil: Heal Wounds       |       |     6 |     7 |     4 ||    17
  Use: Scroll            |       |       |     5 |       ||     5
       Potion            |       |       |       |     3 ||     3
  Eat: Chunk             |       |     7 |    13 |     2 ||    22
Armor: Scale mail        |    51 |     4 |       |       ||    55
       Chain mail        |       |   134 |   192 |    18 ||   344
       Plate armour      |       |       |       |    41 ||    41
       Skin              |       |       |       |    12 ||    12
Dodge: Dodged            |    36 |    56 |    84 |    32 ||   208
       Deflected         |       |       |     4 |       ||     4
Block: Shield            |    43 |   129 |   186 |    54 ||   412

Table legend:
 A = Non-vault XP
 B = Vault XP
 C = Vault XP percentage of total XP
 D = Non-vault monster count
 E = Vault monster count
 F = Vault count percentage of total count
                 A         B        C        D         E       F
            +---------+---------+-------+---------+---------+-------
      Total |    4586 |    2883 |  38.6 |     175 |      40 |  18.6
            +---------+---------+-------+---------+---------+-------
        D:1 |      24 |       0 |   0.0 |      15 |       0 |   0.0
        D:2 |     124 |       0 |   0.0 |      23 |       0 |   0.0
        D:3 |     226 |      89 |  28.3 |      29 |       4 |  12.1
        D:4 |     252 |      94 |  27.2 |      15 |      11 |  42.3
        D:5 |     499 |      13 |   2.5 |      25 |       1 |   3.8
        D:6 |     306 |      41 |  11.8 |      12 |       1 |   7.7
        D:7 |    1187 |    1655 |  58.2 |      25 |       3 |  10.7
        D:8 |    1332 |     849 |  38.9 |      23 |       4 |  14.8
        D:9 |     636 |       0 |   0.0 |       8 |       0 |   0.0
      Sewer |       0 |     142 | 100.0 |       0 |      16 | 100.0
            +---------+---------+-------+---------+---------+-------
